 Dungeon Crawl Stone Soup version 0.28-a0-479-g5baa6b73be (webtiles) character file.

Game seed: 10557968306428663852

105 mg7810 the Slasher (level 4, -5/35 HPs)
             Began as a Demonspawn Monk on Sept 17, 2021.
             Blown up by Ijyb (8 damage)
             ... with a mindburst bolt
             ... on level 3 of the Dungeon.
             The game lasted 00:07:40 (2353 turns).

mg7810 the Slasher (Demonspawn Monk)                Turns: 2353, Time: 00:07:40

Health: -5/35      AC: 13    Str: 13    XL:     4   Next: 53%
Magic:  4/4        EV: 11    Int: 11    God:
Gold:   53         SH:  0    Dex: 15    Spells: 3/3 levels left

rFire   . . .      SeeInvis .   a - +1 falchion
rCold   . . .      Faith    +   (no shield)
rNeg    . . .      Spirit   .   g - +0 ring mail
rPois   .          Reflect  .   f - +0 helmet
rElec   .          Harm     .   (no cloak)
rCorr   .          Rampage  .   (no gloves)
Will    .....                   r - +0 pair of boots
Stlth   +.........              m - amulet of faith
HPRegen 0.11/turn               d - +4 ring of protection
MPRegen 0.09/turn               (no ring)

@: no status effects
A: molten scales 1, spiny 1
a: no special abilities


You were on level 3 of the Dungeon.
You visited 1 branch of the dungeon, and saw 3 of its levels.

You collected 53 gold pieces.

Inventory:

Hand Weapons
 a - a +1 falchion (weapon)
Missiles
 i - 7 curare-tipped darts (quivered)
Armour
 b - a +0 robe
 f - a +0 helmet (worn)
 g - a +0 ring mail (worn)
 r - a +0 pair of boots (worn)
Jewellery
 c - a ring of ice
 d - a +4 ring of protection (left hand)
 l - a ring of ice
 m - an amulet of faith (around neck)
 o - a ring of positive energy
 t - a ring of fire
 u - a ring of positive energy
Scrolls
 e - 2 scrolls of enchant weapon
 h - a scroll of identify {unknown}
 j - a scroll of teleportation {unknown}
 s - a scroll of vulnerability {unknown}
 v - a scroll of noise {unknown}
Potions
 k - a potion of resistance {unknown}
 n - a potion of heal wounds {unknown}
 p - a potion of flight
 q - a potion of curing {unknown}


   Skills:
 + Level 3.4 Fighting
 + Level 3.5 Long Blades
 * Level 0.3 Throwing
 * Level 1.2 Armour
 + Level 3.0 Dodging
 + Level 1.9 Stealth
 * Level 1.2 Unarmed Combat


You had 3 spell levels left.
You didn't know any spells.
Your spell library contained the following spells:

 Spells                   Type           Power      Damage    Failure   Level
 Shock                    Conj/Air       0%         1d3       58%         1
 Swiftness                Air            0%         N/A       92%         3
 Airstrike                Air            0%         N/A       100%        4


Dungeon Overview and Level Annotations

Branches:
Dungeon (3/15)

Altars:
Okawaru

Annotations:
D:3 Ijyb


Innate Abilities, Weirdness & Mutations

You are partially covered in molten scales. (AC +2)
You are partially covered in sharp spines.


Message History

Found a falchion.
You see here an adder corpse.
Found a mace.
v - a scroll labelled LOUSIA MEODIN Ijyb the Twisted Goblin comes into view.
She is wielding a +0 club and carrying a wand of mindburst (6).
Ijyb is nearby!
Ijyb shouts!
Ijyb hits you but does no damage.
You hit Ijyb.
Ijyb is lightly wounded.
Ijyb hits you but does no damage.
You hit Ijyb.
Ijyb is moderately wounded.
Ijyb is struck by your spines. Ijyb hits you but does no damage.
You hit Ijyb.
Ijyb is severely wounded.
Ijyb hits you but does no damage.
You closely miss Ijyb. You punch Ijyb.
Ijyb is severely wounded.
Ijyb barely misses you.
You barely miss Ijyb.
Ijyb is severely wounded.
Ijyb zaps a wand.
Your mind is blasted!
Ouch! That really hurt!
Ijyb closely misses you.
You closely miss Ijyb.
Ijyb is severely wounded.
Ijyb zaps a wand.
Your mind is blasted!
* * * LOW HITPOINT WARNING * * *
You barely miss Ijyb.
Ijyb is severely wounded.
Ijyb barely misses you.
You hit Ijyb.
Ijyb is almost dead.
Ijyb zaps a wand.
Your mind is blasted!
* * * LOW HITPOINT WARNING * * *
You miss Ijyb.
Ijyb is almost dead.
Ijyb zaps a wand.
Your mind is blasted!
You die...

#.# #.#
# #.# #
#.# #
#.# ##
#.# .#
#.# .#
### #.#
.# #.#
#@# .#
#.# #g#
.# #.#
#.# .#
#.# #.#
.# #.#
#.#
.####.#
#.#
......#
#.#
.######
#.# ##


You could see Ijyb.

Vanquished Creatures
  4 adders
  2 worms
  A dart slug (D:3)
  4 orcs (D:3)
  3 ball pythons (D:2)
  10 bats
  6 endoplasms
  2 giant cockroaches (D:1)
  7 goblins
  6 hobgoblins
  A frilled lizard (D:2)
  6 kobolds
  7 rats
59 creatures vanquished.

Notes
Turn   | Place    | Note
-------+----------+-------------------------------------------
     0 | D:1      | mg7810 the Demonspawn Monk began the quest for the Orb.
     0 | D:1      | Reached XP level 1. HP: 18/18 MP: 1/1
   302 | D:1      | Gained mutation: You are partially covered in molten
                  | scales. (AC +2) [demonic ancestry]
   302 | D:1      | Reached XP level 2. HP: 21/24 MP: 2/2
   921 | D:2      | Reached XP level 3. HP: 28/29 MP: 3/3
  1368 | D:2      | Gained mutation: You are partially covered in sharp spines.
                  | [demonic ancestry]
  1368 | D:2      | Reached XP level 4. HP: 35/35 MP: 4/4
  1817 | D:3      | Reached skill level 1 in Unarmed Combat
  1859 | D:3      | Reached skill level 1 in Armour
  2108 | D:3      | Found a faded altar of an unknown god.
  2292 | D:3      | Found an iron altar of Okawaru.
  2340 | D:3      | Noticed Ijyb
  2353 | D:3      | Blown up by Ijyb

Illustrated notes

Levels and vault maps discovered:
D:1:      wander_arrival_estate, layout_basic, chequers_serial_rivers_micro_a,
          minmay_tripent
D:2:      layout_basic
D:3:      layout_loops_ring, okawaru_ov_weapons_minmay,
          chequers_ecumenical_altar_simple, minmay_misc_feat_iff,
          minmay_pentangle, uniq_natasha, uniq_ijyb, uniq_crazy_yiuf_cottage

Skill      XL: |  1  2  3  4 |
---------------+-------------+-----
Long Blades    | 3 |  3.5
Dodging        | 3 |  3.0
Unarmed Combat | 1 |  1.2
Armour         | 1 |  1.2
Fighting       | |  3.4
Throwing       | |  0.3
Stealth        | |  1.9

Action                   |  1- 3 |  4- 6 || total
-------------------------+-------+-------++-------
Melee: Falchion          |   115 |    40 ||   155
       Punch             |       |     1 ||     1
  Use: Scroll            |     1 |       ||     1
       Potion            |     1 |       ||     1
 Stab: Sleeping          |     2 |     1 ||     3
Armor: Ring mail         |    60 |    20 ||    80
       Robe              |     4 |       ||     4
Dodge: Dodged            |    81 |    19 ||   100

Table legend: (Time is in decaauts)
 A = Elapsed time spent in this place.
 B = Non-inter-level travel time spent in this place.
 C = Inter-level travel time spent in this place.
 D = Time resting spent in this place.
 E = Time spent auto-exploring this place.
 F = Levels seen in this place.
 G = Mean time per level.
                   A        B        C        D        E       F      G
               +--------+--------+--------+--------+--------+-----+--------+
         Total |   2375 |   2305 |     70 |      0 |   1663 |   3 |  791.7 |
       Dungeon |   2375 |   2305 |     70 |      0 |   1663 |   3 |  791.7 |
               +--------+--------+--------+--------+--------+-----+--------+

Top non-repeatable levels by time:
     D:1: 920 daAuts
     D:2: 899 daAuts
     D:3: 555 daAuts
